 Dungeon Crawl Stone Soup version 0.27.1-2-g3b301248ec (webtiles) character file.

Game seed: 2957736279567587669

254 Rickety the Stinger (level 6, -1/44 HPs)
             Began as a Gnoll Venom Mage on Sept 24, 2021.
             Slain by Purgy (2 damage)
             ... in a sewer.
             The game lasted 00:09:38 (3647 turns).

Rickety the Stinger (Gnoll Venom Mage)              Turns: 3647, Time: 00:09:39

Health: -1/44      AC:  5    Str:  7    XL:     6   Next: 14%
Magic:  2/13       EV: 13    Int: 17    God:
Gold:   83         SH:  0    Dex: 12    Spells: 9/15 levels left

rFire    . . .     SeeInvis .   a - +1 dagger (elec)
rCold    . . .     Faith    .   (no shield)
rNeg     . . .     Spirit   .   j - +0 robe
rPois    .         Reflect  .   l - +0 helmet
rElec    .         Harm     .   m - +0 cloak {rCorr}
rCorr    +         Rampage  .   (no gloves)
Will     .....                  b - +0 pair of boots
Stlth    +++.......             (no amulet)
HPRegen  0.14/turn              (no ring)
MPRegen  0.13/turn              (no ring)

@: flying
A: fangs 1, strong nose, distributed training
a: no special abilities


You were in a sewer.
You visited 1 branch of the dungeon, and saw 3 of its levels.
You also visited: Sewer.

You collected 83 gold pieces.

Inventory:

Hand Weapons
 a - a +1 dagger of electrocution (weapon)
 d - a +2 mace of protection
 n - a +0 mace of venom
Missiles
 o - 2 throwing nets
 p - 15 poisoned darts
Armour
 b - a +0 pair of boots (worn)
 j - a +0 robe (worn)
 l - a +0 helmet (worn)
 m - a +0 cloak of preservation (worn)
Jewellery
 e - an amulet of faith
Scrolls
 c - a scroll of enchant weapon {unknown}
 g - a scroll of fear {unknown}
 h - a scroll of identify {unknown}
 q - a scroll of magic mapping {unknown}
Potions
 f - a potion of cancellation {unknown}
 i - a potion of magic {unknown}
 k - 2 potions of flight
 r - a potion of haste {unknown}


   Skills:
 + Level 1.8 Fighting
 + Level 1.8 Short Blades
 + Level 1.8 Long Blades
 + Level 1.8 Axes
 + Level 1.8 Maces & Flails
 + Level 1.8 Polearms
 + Level 1.8 Staves
 + Level 1.8 Slings
 + Level 1.8 Bows
 + Level 1.8 Crossbows
 + Level 1.8 Throwing
 + Level 1.8 Armour
 + Level 4.9 Dodging
 + Level 4.5 Stealth
 + Level 1.8 Shields
 + Level 1.8 Unarmed Combat
 + Level 5.3 Spellcasting
 + Level 1.4 Conjurations
 + Level 1.4 Hexes
 + Level 1.4 Summonings
 + Level 1.4 Necromancy
 + Level 1.4 Translocations
 + Level 2.5 Transmutations
 + Level 1.4 Fire Magic
 + Level 1.4 Ice Magic
 + Level 1.4 Air Magic
 + Level 1.4 Earth Magic
 + Level 5.6 Poison Magic
 + Level 2.0 Invocations
 + Level 1.8 Evocations


You had 9 spell levels left.
You knew the following spells:

 Your Spells              Type           Power      Damage    Failure   Level
a - Sting                 Tmut/Pois      72%        1d6       2%          1
m - Mephitic Cloud        Conj/Pois/Air  14%        N/A       13%         3
v - Poisonous Vapours     Pois/Air       32%        N/A       4%          2

Your spell library contained the following spells:

 Spells                   Type           Power      Damage    Failure   Level
 Olgreb's Toxic Radiance  Pois           23%        N/A       14%         4


Dungeon Overview and Level Annotations

Branches:
Dungeon (3/15)              Sewer (1/1)

Altars:

Shops:
D:1 [

Annotations:
Sewer Purgy


Innate Abilities, Weirdness & Mutations

You have very sharp teeth.
Your uncanny sense of smell can sniff out nearby items.
Your experience applies equally to all skills.


Message History

You hit Purgy but do no damage.
Purgy is severely wounded.
Purgy bites you. Purgy claws you. x2
You hit Purgy but do no damage.
Purgy is severely wounded.
Purgy bites you! Purgy closely misses you. x2
Aiming: Sting (safe; 2% risk of failure)
Press: ? - help, Q - select action, (/) - cycle Shift-Dir - straight line, f/p - Purgy
Aim: Purgy (severely wounded, poisoned, 67% to hit)
The sting hits Purgy.
Purgy looks even sicker.
Purgy is almost dead.
Purgy bites you. Purgy misses you. Purgy barely misses you.
Aiming: Sting (safe; 2% risk of failure)
Press: ? - help, Q - select action, (/) - cycle Shift-Dir - straight line, f/p - Purgy
Aim: Purgy (almost dead, very poisoned, 67% to hit)
You miscast Sting.
You are very lightly contaminated with residual magic.
Nothing appears to happen.
Purgy bites you. Purgy closely misses you. Purgy claws you but does no damage.
You enter the shallow water.
Moving in this stuff is going to be slow.
Purgy bites you!
* * * LOW HITPOINT WARNING * * *
Purgy claws you.
* * * LOW HITPOINT WARNING * * *
Purgy closely misses you.
Your magical contamination has completely faded away.
It was a potion of flight.
You feel very buoyant.
You fly up into the air.
Purgy bites you.
* * * LOW HITPOINT WARNING * * *
Purgy claws you.
* * * LOW HITPOINT WARNING * * *
Purgy barely misses you.
Aiming: Sting (safe; 2% risk of failure)
Press: ? - help, Q - select action, (/) - cycle Shift-Dir - straight line, f/p - Purgy
Aim: Purgy (almost dead, poisoned, 67% to hit)
The sting misses Purgy.
Purgy barely misses you. Purgy claws you.
You die...

### #≈# #####
#≈###### ...≈.##
##≈##...# ##
.≈.≈..### #.≈.#.∩.#
#≈ #≈.≈..###
#.≈...∩.# ≈≈≈
#≈....###≈≈.....#
≈..#
##.≈.≈.≈≈≈≈.#####
≈...###
###...T@###.≈))...#
#≈....####...≈.###
#.≈)....#
###......≈≈≈.###
#.≈.#...#
###....≈.###
##≈##...# ########
#≈###.## #≈##..#
#≈##..# ####..#
####


You could see Purgy (poisoned).

Vanquished Creatures
  Crazy Yiuf (D:2)
  Natasha (thrice) (D:2)
  Robin (D:2)
  3 gnolls (D:2)
  2 adders (D:2)
  A dart slug (D:1)
  An orc (D:3)
  5 bats
  7 endoplasms
  5 giant cockroaches
  10 goblins
  5 hobgoblins
  12 jackals
  3 quokkas (D:3)
  7 ball pythons
  3 frilled lizards
  9 kobolds
  7 rats
85 creatures vanquished.

Vanquished Creatures (others)
  8 plants (D:2)
8 creatures vanquished.

Grand Total: 93 creatures vanquished

Notes
Turn   | Place    | Note
-------+----------+-------------------------------------------
     0 | D:1      | Rickety the Gnoll Venom Mage began the quest for the Orb.
     0 | D:1      | Reached XP level 1. HP: 13/13 MP: 6/6
   106 | D:1      | Reached XP level 2. HP: 12/19 MP: 0/7
   139 | D:1      | Learned a level 2 spell: Poisonous Vapours
   539 | D:1      | Found Veriusiff's Armour Shop.
   654 | D:1      | Reached XP level 3. HP: 25/25 MP: 2/9
   656 | D:1      | Reached skill level 5 in Spellcasting
   660 | D:1      | Learned a level 3 spell: Mephitic Cloud
  1143 | D:1      | Reached skill level 1 in Invocations
  1569 | D:2      | Reached skill level 1 in Fighting
  1569 | D:2      | Reached skill level 1 in Short Blades
  1569 | D:2      | Reached skill level 1 in Long Blades
  1569 | D:2      | Reached skill level 1 in Axes
  1569 | D:2      | Reached skill level 1 in Maces & Flails
  1569 | D:2      | Reached skill level 1 in Polearms
  1569 | D:2      | Reached skill level 1 in Staves
  1569 | D:2      | Reached skill level 1 in Slings
  1569 | D:2      | Reached skill level 1 in Bows
  1569 | D:2      | Reached skill level 1 in Crossbows
  1569 | D:2      | Reached skill level 1 in Throwing
  1569 | D:2      | Reached skill level 1 in Armour
  1569 | D:2      | Reached skill level 1 in Shields
  1569 | D:2      | Reached skill level 1 in Unarmed Combat
  1569 | D:2      | Reached skill level 1 in Evocations
  1688 | D:2      | Reached XP level 4. HP: 32/32 MP: 1/11
  2029 | D:2      | Noticed Robin
  2038 | D:2      | Killed Robin
  2055 | D:2      | Reached skill level 1 in Conjurations
  2055 | D:2      | Reached skill level 1 in Hexes
  2055 | D:2      | Reached skill level 1 in Summonings
  2055 | D:2      | Reached skill level 1 in Necromancy
  2055 | D:2      | Reached skill level 1 in Translocations
  2055 | D:2      | Reached skill level 1 in Fire Magic
  2055 | D:2      | Reached skill level 1 in Ice Magic
  2055 | D:2      | Reached skill level 1 in Air Magic
  2055 | D:2      | Reached skill level 1 in Earth Magic
  2146 | D:2      | Found a faded altar of an unknown god.
  2211 | D:2      | Noticed Natasha
  2216 | D:2      | Killed Natasha
  2217 | D:2      | Reached XP level 5. HP: 36/37 MP: 2/12
  2466 | D:2      | Found a runed translucent door.
  2467 | D:2      | Noticed Crazy Yiuf
  2485 | D:2      | Killed Crazy Yiuf
  2656 | D:2      | Noticed Natasha
  2662 | D:2      | Killed Natasha
  2802 | D:2      | Noticed Natasha
  2813 | D:2      | Killed Natasha
  2854 | D:2      | Reached XP level 6. HP: 39/44 MP: 1/13
  3493 | D:3      | Found a glowing drain.
  3497 | Sewer    | Entered a sewer
  3617 | Sewer    | Noticed Purgy
  3646 | Sewer    | HP: 1/44 [Purgy (2)]
  3647 | Sewer    | Slain by Purgy

Illustrated notes

Levels and vault maps discovered:
D:1:      shiori_arrival_oz, layout_rooms, serial_shops, nicolae_shop_trees
D:2:      layout_rooms, dilly_ecumenical_altar_fadedgnrine,
          uniq_crazy_yiuf_cottage, uniq_natasha, uniq_robin
D:3:      layout_loops_ring, lightli_temple_of_fire, gup_sewer_entry_bowl
Sewer:    sewer_the_moccasin

Skill      XL: |  1  2  3  4  5 |
---------------+----------------+-----
Transmutations | 2 |  2.5
Spellcasting   | 5 |  5.3
Invocations    | 1 2 |  2.0
Fighting       | 1 |  1.8
Short Blades   | 1 |  1.8
Long Blades    | 1 |  1.8
Axes           | 1 |  1.8
Maces & Flails | 1 |  1.8
Polearms       | 1 |  1.8
Staves         | 1 |  1.8
Slings         | 1 |  1.8
Bows           | 1 |  1.8
Crossbows      | 1 |  1.8
Throwing       | 1 |  1.8
Armour         | 1 |  1.8
Shields        | 1 |  1.8
Unarmed Combat | 1 |  1.8
Evocations     | 1 |  1.8
Conjurations   | 1 |  1.4
Hexes          | 1 |  1.4
Summonings     | 1 |  1.4
Necromancy     | 1 |  1.4
Translocations | 1 |  1.4
Fire Magic     | 1 |  1.4
Ice Magic      | 1 |  1.4
Air Magic      | 1 |  1.4
Earth Magic    | 1 |  1.4
Dodging        | |  4.9
Stealth        | |  4.5
Poison Magic   | |  5.6

Action                   |  1- 3 |  4- 6 || total
-------------------------+-------+-------++-------
Melee: Rapier            |     5 |       ||     5
       Mace              |    29 |     6 ||    35
       Bite              |     2 |     2 ||     4
       Dagger            |       |    58 ||    58
 Cast: Sting             |    42 |    34 ||    76
       Poisonous Vapours |    27 |    19 ||    46
       Mephitic Cloud    |       |     6 ||     6
  Use: Potion            |       |     1 ||     1
 Stab: Sleeping          |       |     4 ||     4
Armor: Robe              |    23 |    25 ||    48
Dodge: Dodged            |    44 |    69 ||   113
